 Dungeon Crawl Stone Soup version 0.32-a0-576-g706899e69d (webtiles) character file.

Game seed: 6907077216422857138

1 Drazool the Shooter (level 1, 11/11 HPs)
             Began as a Vine Stalker Hunter on Mar 1, 2024.
             Quit the game on level 1 of the Dungeon.
             The game lasted 00:00:28 (27 turns).

Drazool the Shooter (Vine Stalker Hunter)             Turns: 27, Time: 00:00:28

Health: 11/11      AC:  3    Str: 13    XL:     1   Next: 20%
Magic:  2/2        EV: 11    Int:  9    God:
Gold:   0          SH:  0    Dex: 17    Spells: 0/0 levels left

rFire   . . .        a - +0 shortbow
rCold   . . .        (shield currently unavailable)
rNeg    . . .        c - +0 leather armour
rPois   .            (no helmet)
rElec   .            (no cloak)
rCorr   .            (no gloves)
SInv    .            (no boots)
Will    .....        (no amulet)
Stlth   ++           (no ring)
HPRegen 1.01/turn    (no ring)
MPRegen 0.08/turn

%: guardian spirit
@: no status effects
A: fangs 2, regeneration 1, magic shield, antimagic bite, no potion heal 2
a: no special abilities


You were on level 1 of the Dungeon.
You visited 1 branch of the dungeon, and saw 1 of its levels.


Innate Abilities, Weirdness & Mutations

You have extremely sharp teeth.
Your natural rate of healing is unusually fast.
When hurt, damage is shared between your health and your magic reserves.
Your bite disrupts and absorbs the magic of your enemies.
Potions cannot restore your health.


   Skills:
 - Level 1.7 Fighting
 + Level 3.6 Ranged Weapons
 - Level 1.5 Dodging
 - Level 1.2 Stealth


You couldn't memorise any spells.
You didn't know any spells.
Your spell library contained the following spells:

 Spells                   Type           Power      Damage    Failure   Level
 Stone Arrow              Conj/Erth      0%         3d7       83%         3
 Animate Armour           Summ/Erth      0%         N/A       99%         4
 Lehudib's Crystal Spear  Conj/Erth      0%         10d2      100%        8

Inventory:

Hand Weapons
 a - a +0 shortbow (weapon)
Armour
 c - a +0 leather armour (worn)
Scrolls
 b - a scroll of butterflies

Dungeon Overview and Level Annotations

Branches:
Dungeon (1/15)

Altars:

♣.^ P.^. ^.. ..P ... P..
♣.♣♣♣♣.♣♣♣♣.♣♣♣♣♣
♣..♣♣........♣P.~
#####..♣♣P.........^~
###.....P.PP.......♣
...............<...♣♣♣♣♣
#.......[........♣P.~P
...###@.♣♣P.........^~~
♣..♣♣P.......♣P.~P
♣.♣♣♣♣.♣♣♣♣.♣♣♣♣♣♣
...♣P..P♣♣...P♣
♣.^.♣..^.♣♣.^..♣
♣~~~♣♣~~~♣♣~~~♣♣
♣P~~♣♣~~~♣♣~~P♣
♣♣ß♣♣♣♣ß♣♣♣♣ß♣♣ ♣♣♣ ♣♣♣


There were no monsters in sight!


Message History

Welcome, Drazool the Vine Stalker Hunter.
They say the Orb of Zot lies within this dungeon, but they say a lot of things.
Press ? for a list of commands and other information.
Found a leather armour and a book of Armaments.
Found a staircase leading out of the dungeon.
You pick up a book of Armaments and begin reading...
You add the spells Stone Arrow, Animate Armour and Lehudib's Crystal Spear to your library.
You see here a +0 leather armour.
A hobgoblin comes into view.
You shoot an arrow. The arrow hits the hobgoblin.
The hobgoblin is moderately wounded.
You shoot an arrow. The arrow hits the hobgoblin.
The hobgoblin is heavily wounded.
You shoot an arrow. The arrow hits the hobgoblin.
You kill the hobgoblin!
Unknown command.
Are you sure you want to abandon this character and quit the game? (Confirm with "yes".)

Action                     || total
---------------------------++-------
   Fire: Shortbow          ||     3

Levels and vault maps discovered:
D:1:      psy_arrival_wood_between_worlds, layout_loops_corners, serial_shops,
          shop

Notes
Turn   | Place    | Note
-------+----------+-------------------------------------------
     0 | D:1      | Drazool the Vine Stalker Hunter began the quest for the
                  | Orb.
     0 | D:1      | Reached XP level 1. HP: 11/11 MP: 2/2
    27 | D:1      | Quit the game

Vanquished Creatures
  A hobgoblin (D:1)
1 creature vanquished.

Table legend: (Time is in decaauts)
 A = Elapsed time spent in this place.
 B = Non-inter-level travel time spent in this place.
 C = Inter-level travel time spent in this place.
 D = Time resting spent in this place.
 E = Time spent auto-exploring this place.
 F = Levels seen in this place.
 G = Mean time per level.
                   A        B        C        D        E       F      G
               +--------+--------+--------+--------+--------+-----+--------+
         Total |     28 |     28 |      0 |      0 |     22 |   1 |   28.0 |
       Dungeon |     28 |     28 |      0 |      0 |     22 |   1 |   28.0 |
               +--------+--------+--------+--------+--------+-----+--------+

Top non-repeatable levels by time:
     D:1: 28 daAuts

Table legend:
 A = Non-vault XP
 B = Vault XP
 C = Vault XP percentage of total XP
 D = Non-vault monster count
 E = Vault monster count
 F = Vault count percentage of total count
                 A         B        C        D         E       F
            +---------+---------+-------+---------+---------+-------
      Total |       2 |       0 |   0.0 |       1 |       0 |   0.0
            +---------+---------+-------+---------+---------+-------
        D:1 |       2 |       0 |   0.0 |       1 |       0 |   0.0
            +---------+---------+-------+---------+---------+-------
